 Dungeon Crawl Stone Soup version 0.17-a0-1617-gfba1302 (webtiles) character file.

6143 urechis the Bludgeoner (level 10, -9/115 HPs)
             Began as an Ogre Gladiator on Aug 1, 2015.
             Was a Believer of Ru.
             Mangled by Maud
             ... wielding a +3 glaive of venom
              (33 damage)
             ... on level 10 of the Dungeon.
             The game lasted 00:33:28 (11650 turns).

urechis the Bludgeoner (Ogre Gladiator)            Turns: 11650, Time: 00:33:30

Health: -9/115     AC:  6    Str: 25    XL:     10   Next: 90%
Magic:  10/10      EV: 10    Int:  7    God:    Ru [**....]
Gold:   688        SH:  0    Dex: 10    Spells: 0 memorised, 9 levels left

rFire  . . .     SeeInvis .     P - +1 giant spiked club
rCold  . . .     Clarity  .     x - +0 troll leather armour
rNeg   . . .     SustAt   .     (no shield)
rPois  .         Gourm    .     (helmet restricted)
rElec  .         Spirit   .     M - +0 cloak
rCorr  .         Warding  .     (gloves unavailable)
rMut   .         Stasis   +     (boots unavailable)
MR     +....                    h - amulet of stasis
Stlth  +.........               (no ring)
                                (no ring)

@: lethally poisoned (-9 -> -35), no potions, somewhat resistant to hostile
enchantments, very unstealthy
A: unfitting armour, tough skin 1, inability to drink while threatened, no air
magic, no conjurations magic, no hexes magic
a: Renounce Religion


You were on level 10 of the Dungeon.
You worshipped Ru.
Ru was pleased with you.
You were hungry.

You visited 2 branches of the dungeon, and saw 11 of its levels.

You collected 688 gold pieces.

Inventory:

Hand weapons
 a - a +0 flail of holy wrath
 p - a +0 vampiric glaive
 P - a +1 giant spiked club (weapon)
Missiles
 d - 3 throwing nets
 l - 6 javelins (quivered)
 q - 43 poisoned needles
 s - 5 needles of frenzy
 L - 3 large rocks
Armour
 x - a +0 troll leather armour (worn)
 M - a +0 cloak (worn)
Jewellery
 h - an amulet of stasis (around neck)
Magical devices
 y - a wand of fireball (5)
 I - a wand of lightning (3)
 Q - a wand of disintegration (17)
 U - a wand of fire (3)
Scrolls
 f - 2 scrolls of enchant armour
 i - a scroll of silence
 j - 6 scrolls of remove curse
 k - 4 scrolls of recharging
 n - a scroll of blinking
 o - 3 scrolls of noise
 r - 3 scrolls of amnesia
 t - a scroll of magic mapping
 w - 5 scrolls of teleportation
 N - 2 scrolls of fog
 T - a scroll of vulnerability {unknown}
Potions
 m - 2 potions of brilliance {unknown}
 u - 3 potions of curing
 v - 3 potions of ambrosia {unknown}
 z - a potion of cure mutation {unknown}
 A - a potion of agility {unknown}
 B - a potion of berserk rage {unknown}
 C - a potion of degeneration {unknown}
 E - 4 potions of lignification {unknown}
 H - 2 potions of cancellation {unknown}
 J - a potion of invisibility {unknown}
 K - a potion of might {unknown}
 W - 3 potions of haste {unknown}
 X - 2 potions of flight {unknown}
 Y - a potion of heal wounds {unknown}
Books
 D - a book of Necromancy

   Spells                             Type                      Level
   a - Pain                           Necromancy                   1
   b - Animate Skeleton               Necromancy                   1
   c - Vampiric Draining              Necromancy                   3
   d - Regeneration                   Charms/Necromancy            3
   e - Animate Dead                   Necromancy                   4
   f - Control Undead                 Necromancy                   4
 R - a book of the Sky

   Spells                             Type                      Level
   a - Summon Lightning Spire         Summoning/Air                4
   b - Airstrike                      Air                          4
   c - Silence                        Hexes/Air                    5
   d - Deflect Missiles               Charms/Air                   6
   e - Conjure Ball Lightning         Conjuration/Air              6
   f - Tornado                        Air                          9
Comestibles
 b - a beef jerky
 e - 9 bread rations
 g - 3 chunks of flesh
 V - 2 meat rations


   Skills:
 + Level 12.0 Fighting
 + Level 16.3 Maces & Flails
 - Level 2.1 Throwing
 * Level 0.0 Armour
 - Level 2.6 Dodging


You had 9 spell levels left.
You didn't know any spells.

Dungeon Overview and Level Annotations

Branches:
Dungeon (10/15)            Temple (1/1) D:7             Orc (0/4) D:9
   Lair: D:8-11

Altars:
Ashenzari
Cheibriados
Dithmenos
Elyvilon
Fedhas
Gozag
Kikubaaqudgha
Makhleb
Nemelex Xobeh
Okawaru
Qazlal
Ru
Sif Muna
Trog
Vehumet
Xom
Yredelemnul
Zin
The Shining One

Shops:
D:6 :

Annotations:
D:10 Maud


Innate Abilities, Weirdness & Mutations

You are too large for most types of armour.
You have tough skin (AC +1).
You cannot drink potions while threatened.
You cannot study or cast Air magic.
You cannot study or cast Conjurations magic.
You cannot study or cast Hexes magic.


Message History

You feel threatened and lose the ability to drink potions!
You are more poisoned.
You hit Maud but do no damage.
You feel sick. Maud hits you with a glaive of venom!!
* * * LOW HITPOINT WARNING * * *
You are lethally poisoned!
You are too injured to fight recklessly!
You barely miss Maud.
* * * LOW HITPOINT WARNING * * *
You feel very sick. The quokka closely misses you. Maud closely misses you.
The quokka is stunned by your will and fails to attack.
You puncture Maud!
Maud is lightly wounded.
* * * LOW HITPOINT WARNING * * *
You feel very sick. The quokka bites you.
* * * LOW HITPOINT WARNING * * *
Maud hits you with a glaive of venom!!
You die...

#####
#####...#
........#
........#
........#
$......o#
....o.r@#
#@# #.#
#.# #.#
#.#######
#...<...#
#.......#
#......##
........#


You could see Maud, an orc wizard, an orc and a quokka.

Vanquished Creatures
  Pikel (D:6)
  Joseph (D:8)
  A troll (D:9)
  Grinder (D:3)
  A deep elf mage (D:8)
  A spriggan (D:8)
  A hungry ghost (D:9)
  2 vampire mosquitoes (D:8)
  7 orc warriors
  A sky beast (D:8)
  An ice beast (D:6)
  A necrophage (D:9)
  6 ogres
  2 centaurs
  2 phantoms
  4 big kobolds
  5 giant frogs
  A water moccasin skeleton (D:7)
  A water moccasin zombie (D:6)
  A wyvern skeleton (D:7)
  5 scorpions
  4 wights (D:8)
  A jelly (D:8)
  A giant frog zombie (D:8)
  12 orc wizards
  A centaur skeleton (D:4)
  A gnoll shaman (D:7)
  5 worker ants
  8 orc priests
  A giant frog skeleton (D:7)
  Terence (D:3)
  Natasha (thrice) (D:3)
  A human simulacrum (D:9)
  A worker ant zombie (D:5)
  Robin (D:4)
  13 gnolls
  7 adders
  An ooze (D:7)
  An adder zombie (D:8)
  A worm (D:4)
  5 giant geckos
  34 orcs
  29 hobgoblins
  8 jackals
  17 kobolds
  9 bats
  2 giant cockroaches
  A giant gecko skeleton (D:7)
  2 giant gecko zombies (D:5)
  2 giant newts
  50 goblins
  7 quokkas
  A quokka skeleton (D:7)
  3 rats
280 creatures vanquished.

Vanquished Creatures (others)
  A human simulacrum (D:9)
  An adder (D:6)
  A giant gecko (D:6)
  A jackal (D:7)
4 creatures vanquished.

Grand Total: 284 creatures vanquished

Notes
Turn   | Place    | Note
--------------------------------------------------------------
     0 | D:1      | urechis the Ogre Gladiator began the quest for the Orb.
     0 | D:1      | Reached XP level 1. HP: 22/22 MP: 1/1
   137 | D:1      | Reached XP level 2. HP: 22/31 MP: 2/2
   396 | D:1      | Reached XP level 3. HP: 32/37 MP: 3/3
   614 | D:1      | Reached skill level 5 in Maces & Flails
  1161 | D:2      | You fall through a shaft for 2 floors!
  1193 | D:4      | Reached XP level 4. HP: 25/48 MP: 4/4
  1743 | D:3      | Noticed Terence
  1759 | D:3      | Killed Terence
  1759 | D:3      | Reached skill level 6 in Maces & Flails
  2080 | D:3      | Reached XP level 5. HP: 55/55 MP: 5/5
  2203 | D:3      | Noticed Grinder
  2227 | D:3      | Killed Grinder
  2227 | D:3      | Reached skill level 5 in Fighting
  2227 | D:3      | Reached skill level 8 in Maces & Flails
  2227 | D:3      | Reached XP level 6. HP: 25/66 MP: 6/6
  2389 | D:3      | Noticed Natasha
  2400 | D:3      | Killed Natasha
  2637 | D:3      | Noticed Natasha
  2643 | D:3      | Killed Natasha
  2657 | D:3      | Noticed Natasha
  2658 | D:3      | Killed Natasha
  2695 | D:4      | Found a shadowy altar of Dithmenos.
  2704 | D:4      | Noticed Robin
  2730 | D:4      | Killed Robin
  2734 | D:4      | Reached XP level 7. HP: 33/74 MP: 7/7
  3063 | D:4      | Reached skill level 9 in Maces & Flails
  3143 | D:4      | Found a sacrificial altar of Ru.
  3151 | D:4      | Became a worshipper of Ru the Awakened
  3189 | D:4      | Found a blossoming altar of Fedhas.
  3547 | D:5      | Entered Level 5 of the Dungeon
  3850 | D:5      | Found a basalt altar of Yredelemnul.
  4393 | D:5      | Found a deep blue altar of Sif Muna.
  4396 | D:5      | Found a glowing golden altar of the Shining One.
  4399 | D:5      | Found a shimmering altar of Xom.
  4594 | D:5      | Gained mutation: You cannot drink potions while threatened. [Ru sacrifice]
  4594 | D:5      | Acquired Ru's first power
  4864 | D:5      | Reached skill level 10 in Maces & Flails
  5160 | D:5      | Reached XP level 8. HP: 79/84 MP: 8/8
  5803 | D:6      | Noticed Pikel
  6050 | D:6      | Reached skill level 11 in Maces & Flails
  6230 | D:6      | Found Pasuciuv's Book Shop.
  6269 | D:6      | Killed Pikel
  6269 | D:6      | Reached skill level 12 in Maces & Flails
  6269 | D:6      | Reached XP level 9. HP: 60/97 MP: 9/9
  7178 | D:7      | Reached skill level 13 in Maces & Flails
  7915 | D:7      | Gained mutation: You cannot study or cast Air magic. [Ru sacrifice]
  7915 | D:7      | Gained mutation: You cannot study or cast Hexes magic. [Ru sacrifice]
  7915 | D:7      | Gained mutation: You cannot study or cast Conjurations magic. [Ru sacrifice]
  7915 | D:7      | Acquired Ru's second power
  8275 | D:7      | Reached skill level 10 in Fighting
  8312 | D:7      | Reached skill level 14 in Maces & Flails
  8323 | D:7      | Found a white marble altar of Elyvilon.
  8338 | D:7      | Found a bloodstained altar of Trog.
  8386 | D:7      | Found a stormy altar of Qazlal.
  8526 | D:7      | Found a staircase to the Ecumenical Temple.
  8532 | Temple   | Entered the Ecumenical Temple
  8970 | D:8      | Reached XP level 10. HP: 35/111 MP: 10/10
  9267 | D:8      | Found a deep blue altar of Sif Muna.
  9402 | D:8      | Reached skill level 15 in Maces & Flails
 10164 | D:8      | Noticed Joseph
 10172 | D:8      | Killed Joseph
 10802 | D:9      | Found a radiant altar of Vehumet.
 11130 | D:9      | Reached skill level 16 in Maces & Flails
 11579 | D:9      | Found a staircase to the Orcish Mines.
 11635 | D:10     | Entered Level 10 of the Dungeon
 11642 | D:10     | Noticed Maud
 11650 | D:10     | Mangled by Maud

Vault maps used:
D:1:      sevenhm_arrival_forest_fort_large_1
D:3:      uniq_terence, uniq_grinder, uniq_natasha
D:4:      old_standard_altar, lemuel_doored_altar,
          nicolae_overflow_crystal_walls, uniq_robin
D:5:      minmay_goblin_kobold_castle, lemuel_crystal_altar,
          grunt_temple_overflow_diamond, first_bread
D:6:      serial_shops, kennysheep_mini_moat, uniq_pikel
D:7:      elyvilon_altar_4, nicolae_qazlal_style_of_elements, bloody_trog,
          minmay_temple_entry_enclosed_plants
D:8:      basic_altar, the_bakery, uniq_joseph
D:9:      overflow_temple_1_default, david_orc_4, bh_circular_ruins
D:10:     hangedman_decor_diamond_cutter, uniq_maud, uniq_erolcha
Temple:   minmay_temple_bridge_a_8

Action                   |  1- 3 |  4- 6 |  7- 9 | 10-12 || total
-------------------------+-------+-------+-------+-------++-------
Melee: Flail             |    90 |    80 |   259 |       ||   429
       Giant spiked club |       |       |   163 |   161 ||   324
 Fire: Hunting sling     |       |    30 |    39 |       ||    69
Throw: Stone             |    49 |    47 |    37 |       ||   133
       Javelin           |       |       |     2 |     7 ||     9
Invok: Sacrifice Drink   |       |       |     1 |       ||     1
       Sacrifice Arcana  |       |       |     1 |       ||     1
       Reject Sacrifices |       |       |       |     1 ||     1
  Use: Scroll            |       |       |    12 |     2 ||    14
 Stab: Distracted        |       |       |       |     1 ||     1
       Invisible         |       |       |       |     1 ||     1
  Eat: Chunk             |       |     1 |    14 |     8 ||    23
       Bread ration      |       |     1 |       |       ||     1
       Meat ration       |       |       |     1 |       ||     1
       Pizza             |       |       |     1 |       ||     1
